 Dungeon Crawl Stone Soup version 0.29-a0-529-gfa20dd96a1 (webtiles) character file.

Game seed: 17658870686552130237

117 hquester1 the Skirmisher (level 4, -1/37 HPs)
             Began as a Demonspawn Fighter on June 1, 2022.
             Slain by a gnoll
             ... wielding a +4 spear
              (6 damage)
             ... on level 3 of the Dungeon.
             The game lasted 00:06:49 (2594 turns).

hquester1 the Skirmisher (Demonspawn Fighter)       Turns: 2594, Time: 00:06:49

Health: -1/37      AC:  8    Str: 17    XL:     4   Next: 71%
Magic:  4/4        EV: 12    Int:  9    God:
Gold:   125        SH:  5    Dex: 14    Spells: 3/3 levels left

rFire   . . .      SeeInvis .   a - +0 flail
rCold   . . .      Faith    .   c - +0 buckler
rNeg    . . .      Spirit   .   b - +0 scale mail
rPois   .          Reflect  .   (no helmet)
rElec   .          Harm     .   (no cloak)
rCorr   .          Rampage  .   k - +0 pair of gloves
Will    .....                   (no boots)
Stlth   ..........              (no amulet)
HPRegen 0.12/turn               (no ring)
MPRegen 0.09/turn               (no ring)

@: no status effects
A: repulsion field 2
a: no special abilities


You were on level 3 of the Dungeon.
You visited 1 branch of the dungeon, and saw 3 of its levels.

You collected 125 gold pieces.

Inventory:

Hand Weapons
 a - a +0 flail (weapon)
Armour
 b - a +0 scale mail (worn)
 c - a +0 buckler (worn)
 k - a +0 pair of gloves (worn)
Scrolls
 f - a scroll of noise {unknown}
 h - a scroll of identify {unknown}
 l - a scroll of enchant weapon {unknown}
 r - a scroll of torment {unknown}
Potions
 d - 2 potions of might
 e - a potion of haste {unknown}
 g - 2 potions of curing {unknown}
 i - a potion of degeneration {unknown}
 j - a potion of attraction {unknown}
 m - a potion of brilliance {unknown}
 n - a potion of heal wounds {unknown}
 o - a potion of flight {unknown}
 p - a potion of experience {unknown}
 q - a potion of invisibility {unknown}


   Skills:
 + Level 3.6 Fighting
 + Level 2.6 Maces & Flails
 + Level 3.3 Armour
 + Level 1.2 Dodging
 + Level 3.3 Shields


You had 3 spell levels left.
You didn't know any spells.
Your spell library contained the following spells:

 Spells                   Type           Power      Damage    Failure   Level
 Summon Lightning Spire   Summ/Air       0%         N/A       100%        4
 Storm Form               Tmut/Air       0%         N/A       100%        7
 Maxwell's Capacitive Co  Air            0%         ∞         100%        8


Dungeon Overview and Level Annotations

Branches:
Dungeon (3/15)

Altars:

Shops:
D:1 !

Annotations:
D:3 Sigmund


Innate Abilities, Weirdness & Mutations

You are surrounded by a moderate repulsion field. (EV +3)


Message History

Things that are here:
a +0 club; a +0 spear; a gnoll corpse You hit the endoplasm.
The endoplasm is heavily wounded.
The endoplasm hits you but does no damage.
You hit the endoplasm.
The endoplasm is severely wounded.
The endoplasm hits you but does no damage.
The endoplasm freezes you.
You are frozen.
You thump the endoplasm!
You kill the endoplasm!
The gnoll hits you but does no damage.
You barely miss the gnoll.
A gnoll comes into view. It is wielding a +4 spear.
The gnoll closely misses you.
You thump the gnoll!
The gnoll is severely wounded.
You block the gnoll's attack. The gnoll hits you but does no damage.
The gnoll barely misses you. The gnoll completely misses you.
You hit the gnoll.
The gnoll is severely wounded.
You block the gnoll's attack. The gnoll hits you with a +0 club.
You hit the gnoll.
You kill the gnoll!
The gnoll hits you from afar with a +4 spear!
* * * LOW HITPOINT WARNING * * *
You block the gnoll's attack.
Items here: ))) ††.
You hit the gnoll.
The gnoll is moderately wounded.
The gnoll closely misses you.
You hit the gnoll.
The gnoll is severely wounded.
You block the gnoll's attack. The gnoll hits you with a +4 spear.
* * * LOW HITPOINT WARNING * * *
You closely miss the gnoll.
The gnoll is severely wounded.
The gnoll hits you with a +4 spear.
You die...

... ..g..
###### g...
#....# ...
#....####.#####
#....##........
#...g..........
###@#..........
#.#..........
#.#..........
#.#..........
#.#..........
##.#..........
#.............
#.............
#......#######


You could see a gnoll.

Vanquished Creatures
  3 gnolls (D:3)
  3 adders
  5 dart slugs
  3 ball pythons
  5 bats
  5 endoplasms
  4 giant cockroaches
  3 goblins
  2 hobgoblins
  5 jackals (D:1)
  3 quokkas
  2 frilled lizards (D:1)
  4 kobolds
  4 rats
51 creatures vanquished.

Notes
Turn   | Place    | Note
-------+----------+-------------------------------------------
     0 | D:1      | hquester1 the Demonspawn Fighter began the quest for the
                  | Orb.
     0 | D:1      | Reached XP level 1. HP: 18/18 MP: 1/1
    94 | D:1      | Found Utzanipn's Distillery.
   120 | D:1      | Gained mutation: You are surrounded by a mild repulsion
                  | field. (EV +2) [demonic ancestry]
   120 | D:1      | Reached XP level 2. HP: 18/24 MP: 2/2
   381 | D:1      | Found a faded altar of an unknown god.
   611 | D:1      | Gained mutation: You are surrounded by a moderate repulsion
                  | field. (EV +3) [demonic ancestry]
   611 | D:1      | Reached XP level 3. HP: 28/29 MP: 3/3
  1748 | D:2      | Reached XP level 4. HP: 34/35 MP: 4/4
  2293 | D:3      | Noticed Sigmund
  2450 | D:3      | Reached skill level 1 in Dodging
  2594 | D:3      | Slain by a gnoll

Illustrated notes

Levels and vault maps discovered:
D:1:      lightli_arrival_flooded_house, layout_basic, serial_shops,
          nicolae_shop_stone, hellmonk_ecumenical_altar_run_dry
D:2:      layout_basic, grunt_decor_junction
D:3:      layout_basic, marbit_many_paths, serial_bayou_pond_d, uniq_sigmund,
          uniq_jessica

Skill      XL: |  1  2  3  4 |
---------------+-------------+-----
Maces & Flails | 2 |  2.6
Armour         | 3 |  3.3
Shields        | 3 |  3.3
Dodging        | 1 |  1.2
Fighting       | |  3.6

Action                   |  1- 3 |  4- 6 || total
-------------------------+-------+-------++-------
Melee: Flail             |   127 |    51 ||   178
Armor: Scale mail        |    49 |    19 ||    68
Dodge: Dodged            |    80 |    23 ||   103
Block: Buckler           |    26 |    16 ||    42

Table legend: (Time is in decaauts)
 A = Elapsed time spent in this place.
 B = Non-inter-level travel time spent in this place.
 C = Inter-level travel time spent in this place.
 D = Time resting spent in this place.
 E = Time spent auto-exploring this place.
 F = Levels seen in this place.
 G = Mean time per level.
                   A        B        C        D        E       F      G
               +--------+--------+--------+--------+--------+-----+--------+
         Total |   2651 |   2610 |     41 |    332 |   1643 |   3 |  883.7 |
       Dungeon |   2651 |   2610 |     41 |    332 |   1643 |   3 |  883.7 |
               +--------+--------+--------+--------+--------+-----+--------+

Top non-repeatable levels by time:
     D:2: 1389 daAuts
     D:1: 950 daAuts
     D:3: 311 daAuts
